 Dungeon Crawl Stone Soup version 0.30-a0-632-g346586fe48 (webtiles) character file.

Game seed: 3645255298658122597

9410 Leeroy the Fencer (level 11, 0/63 HPs)
             Began as a Tengu Warper on Jan 13, 2023.
             Was a Follower of Uskayaw.
             Slain by a hornet (2 damage)
             ... while paralysed by a hornet
             ... on level 8 of the Dungeon.
             The game lasted 00:44:47 (12895 turns).

Leeroy the Fencer (Tengu Warper)                   Turns: 12895, Time: 00:44:47

Health: 0/63       AC:  8    Str: 16    XL:     11   Next: 46%
Magic:  14/15      EV:  2    Int: 14    God:    Uskayaw [*.....]
Gold:   371        SH:  0    Dex: 17    Spells: 2/14 levels left

rFire   . . .      SeeInvis .    I - +1 long sword
rCold   + . .      Faith    .    (no shield)
rNeg    + . .      Spirit   .    u - +3 leather armour
rPois   .          Reflect  .    R - +2 hat
rElec   .          Harm     .    (no cloak)
rCorr   +          Rampage  .    (no gloves)
Will    .....                    (boots unavailable)
Stlth   +                        (no amulet)
HPRegen 0.30/turn                r - ring of Sophism {rC+ rN+ Str+4}
MPRegen 0.14/turn                m - ring of resist corrosion

@: paralysed, lethally poisoned (0 -> -16), flying quickly and evasively,
slowed, quick
A: beak, talons 3, nimble flight
a: Renounce Religion, Stomp


You were on level 8 of the Dungeon.
You worshipped Uskayaw.
Uskayaw was noncommittal.
You visited 2 branches of the dungeon, and saw 11 of its levels.
You also visited: Bailey.

You collected 371 gold pieces.

Inventory:

Hand Weapons
 a - a +0 falchion
 c - a +0 great sword
 y - a +0 rapier
 H - a +0 rapier
 I - a +1 long sword (weapon)
 U - the +10 dagger of Pyohac {pain, Str-5 Int+4 Dex+2 SInv}
   (You found it on level 9 of the Dungeon)

   Str:       It affects your strength (-5).
   Int:       It affects your intelligence (+4).
   Dex:       It affects your dexterity (+2).
   SInv:      It lets you see invisible.
Missiles
 d - 10 boomerangs of dispersal
 k - 4 boomerangs (quivered)
 T - a throwing net
Armour
 b - a +0 leather armour
 u - a +3 leather armour (worn)
 R - a +2 hat (worn)
 V - a +0 troll leather armour
Jewellery
 m - a ring of resist corrosion (right hand)
 p - a ring of positive energy
 r - the ring of Sophism (left hand) {rC+ rN+ Str+4}
   (You found it on level 3 of the Dungeon)

   [ring of positive energy]

   Str:       It affects your strength (+4).
   rC:        It protects you from cold.
   rN:        It protects you from negative energy.
 F - a ring of magical power
 J - a ring of protection from cold
Wands
 z - a wand of polymorph (20)
Scrolls
 e - 5 scrolls of enchant weapon
 i - 2 scrolls of noise {unknown}
 j - 3 scrolls of identify
 n - 2 scrolls of teleportation {unknown}
 s - 2 scrolls of fog {unknown}
 t - a scroll of torment {unknown}
 B - 2 scrolls of enchant armour {unknown}
 C - 2 scrolls of poison {unknown}
 L - 3 scrolls of amnesia
 N - a scroll of acquirement {unknown}
 O - 2 scrolls of blinking
 P - a scroll of fear {unknown}
 Q - 2 scrolls of magic mapping {unknown}
 S - a scroll of silence {unknown}
Potions
 g - 2 potions of attraction
 h - 2 potions of lignification {unknown}
 l - 2 potions of degeneration {unknown}
 o - 3 potions of flight
 q - a potion of haste {unknown}
 v - 5 potions of mutation
 w - 2 potions of heal wounds
 x - 2 potions of brilliance {unknown}
 A - 2 potions of ambrosia {unknown}
 D - 3 potions of magic {unknown}
 E - 3 potions of might {unknown}
 G - a potion of berserk rage {unknown}
 K - a potion of cancellation {unknown}
 M - 2 potions of resistance
Miscellaneous
 f - a lightning rod (inert)


   Skills:
 - Level 5.0 Fighting
 - Level 15.3 Long Blades
 - Level 1.0 Throwing
 - Level 1.1 Armour
 - Level 10.3 Dodging
 - Level 2.0 Spellcasting
 - Level 2.4 Translocations
 + Level 3.1 Air Magic


You had 2 spell levels left.
You knew the following spells:

 Your Spells              Type           Power      Damage    Failure   Level
a - Blink                 Tloc           16%        N/A       17%         2
b - Teleport Other        Tloc           8%         N/A       32%         3
c - Vhi's Electric Charg  Tloc/Air       18%        N/A       28%         3
d - Manifold Assault      Tloc           8%         N/A       73%         4

Your spell library contained the following spells:

 Spells                   Type           Power      Damage    Failure   Level
 Freeze                   Ice            4%         1d3       28%         1
 Gell's Gravitas          Tloc           8%         N/A       32%         3
 Lesser Beckoning         Tloc           16%        N/A       32%         3
 Airstrike                Air            5%         2d(1-17)  63%         4
 Dazzling Flash           Conj/Hex       2%         N/A       65%         3
 Frozen Ramparts          Ice            2%         1d1       65%         3
 Inner Flame              Hex/Fire       1%         N/A       65%         3
 Tukima's Dance           Hex            1%         N/A       65%         3
 Passage of Golubria      Tloc           8%         N/A       73%         4
 Summon Lightning Spire   Summ/Air       5%         N/A       83%         4
 Cause Fear               Hex            0%         N/A       96%         4
 Leda's Liquefaction      Hex/Erth       0%         N/A       96%         4
 Lightning Bolt           Conj/Air       2%         1d14      99%         5
 Silence                  Hex/Air        2%         N/A       99%         5
 Agony                    Necr           1%         N/A       100%        5
 Yara's Violent Unravell  Hex/Tmut       0%         3d3       100%        5
 Malign Gateway           Summ/Tloc      2%         N/A       100%        7
 Discord                  Hex            0%         N/A       100%        8
 Summon Horrible Things   Summ           0%         N/A       100%        8


Dungeon Overview and Level Annotations

Branches:
Dungeon (10/15)            Temple (1/1) D:5          Bailey (visited)
   Lair: D:8-11         Orc: D:9-12

Altars:
Ashenzari
Cheibriados
Dithmenos
Elyvilon
Fedhas
Gozag
Hepliaklqana
Kikubaaqudgha
Makhleb
Nemelex Xobeh
Okawaru
Qazlal
Ru
Sif Muna
Trog
Uskayaw
Vehumet
Wu Jian
Xom
Yredelemnul
Zin
The Shining One

Shops:
D:2 (


Innate Abilities, Weirdness & Mutations

You have a beak for a mouth.
You have claws for feet.
Your magical nature lets you fly swiftly and evasively.


Message History

You miss the hornet. You peck the hornet, but do no damage.
The hornet is lightly wounded.
You feel sick. The hornet closely misses you.
You slash the hornet! Your kick misses the hornet.
You peck the hornet, but do no damage.
The hornet is heavily wounded.
You feel sick. The hornet stings you!
You feel yourself slow down.
You barely miss the hornet. You peck the hornet.
The hornet is heavily wounded.
You feel sick.
You are no longer poisoned.
The hornet misses you.
Okay, then.
You feel much better.
You feel yourself speed up.
You feel stable enough to blink again. The hornet closely misses you.
The hornet completely misses you.
Casting: Blink (safe; 17% risk of failure)
Confirm with . or Enter, or press ? or * to list all spells.
Okay, then.
You barely miss the hornet. Your kick misses the hornet.
The hornet is heavily wounded.
The hornet stings you but does no damage.
You hit the hornet but do no damage. Your kick misses the hornet.
The hornet is heavily wounded.
The hornet stings you!
You suddenly lose the ability to move!
The hornet stings you.
You are poisoned.
You feel yourself slow down. The hornet stings you.
You feel as though you will be slow longer.
You feel very sick. The hornet stings you!
You are lethally poisoned!
You feel as though you will be slow longer.
* * * LOW HITPOINT WARNING * * *
You feel very sick. The hornet stings you!
* * * LOW HITPOINT WARNING * * *
You feel as though you will be slow longer.
The hornet stings you.
You die...

######.# #...#####.#########.#
.......# #...# #...........#
##########...# #..########.#
.........#...# #..# #.#
########.#...# #..# #.#
########.#...#####[[#### #.#
#>................<...)#####.#
#....###.....###.y####.......#
#.##.# #..#.###.@..#W#########
#.##.# #..###R#....#§§#
#.##.###.(##§§#_.._#§§###########
#.##.......#§§#....#§##..........
#..........##§#....###.##########
##########.####...###............
..............#####...#..........
##.....###.#### #..#...........
#.....# #.########..#..##..<####


You could see an ancestor, a hornet and a shadow.

Vanquished Creatures
  2 vault guards (Bailey)
  A deep elf pyromancer (D:6)
  A rime drake (D:10)
  Prince Ribbit (Bailey)
  A troll (D:10)
  Grinder (D:4)
  Eustachio (D:4)
  3 yaks (D:8)
  2 wraiths
  8 humans (Bailey)
  4 steam dragons
  Menkaure (D:4)
  An acid dragon (D:10)
  2 sky beasts
  A black bear (D:4)
  3 orc warriors
  2 ice beasts (D:10)
  An ogre (D:5)
  2 wolves (D:10)
  A phantom (D:5)
  Blork the orc (D:6)
  A necrophage (D:7)
  18 bullfrogs
  A scorpion (D:5)
  6 wights
  17 killer bees
  2 howler monkeys
  A jelly (D:5)
  4 hounds
  A gnoll bouda (D:7)
  3 orc priests
  6 iguanas
  An orc wizard (D:9)
  6 gnolls
  4 adders
  A shadow imp (D:5)
  2 white imps
  3 worms
  18 orcs
  5 bats (D:1)
  10 endoplasms
  A giant cockroach (D:2)
  9 goblins
  13 hobgoblins
  3 jackals (D:3)
  4 quokkas
  9 ball pythons
  4 frilled lizards
  9 kobolds
  8 rats
210 creatures vanquished.

Vanquished Creatures (others)
  4 fungi (D:1)
4 creatures vanquished.

Grand Total: 214 creatures vanquished

Notes
Turn   | Place    | Note
-------+----------+-------------------------------------------
     0 | D:1      | Leeroy the Tengu Warper began the quest for the Orb.
     0 | D:1      | Reached XP level 1. HP: 12/12 MP: 4/4
   125 | D:1      | Reached skill level 3 in Long Blades
   125 | D:1      | Reached XP level 2. HP: 17/17 MP: 6/6
   358 | D:1      | Learned a level 2 spell: Blink
   372 | D:1      | Reached XP level 3. HP: 20/21 MP: 7/7
   758 | D:2      | Reached skill level 4 in Long Blades
   866 | D:2      | Found Onaemuin's Weapon Boutique.
  1244 | D:2      | Reached XP level 4. HP: 19/26 MP: 8/8
  1775 | D:3      | Identified the ring of Sophism {rC+ rN+ Str+4}
  1814 | D:3      | Found a faded altar of an unknown god.
  1927 | D:3      | Reached skill level 5 in Long Blades
  2138 | D:3      | Found an iron altar of Okawaru.
  2727 | D:4      | Noticed a black bear
  3009 | D:4      | Noticed Menkaure
  3013 | D:4      | Gained mutation: Your magical nature lets you fly swiftly
                  | and evasively. [Tengu growth]
  3013 | D:4      | Reached XP level 5. HP: 30/30 MP: 9/9
  3022 | D:5      | Entered Level 5 of the Dungeon
  3027 | D:5      | Learned a level 3 spell: Teleport Other
  3031 | D:5      | Learned a level 3 spell: Vhi's Electric Charge
  3058 | D:5      | Reached skill level 6 in Long Blades
  3513 | D:5      | Found a bloodstained altar of Trog.
  3622 | D:5      | Reached XP level 6. HP: 31/35 MP: 10/10
  4496 | D:5      | Reached skill level 5 in Dodging
  4638 | D:5      | Reached XP level 7. HP: 30/40 MP: 11/11
  4897 | D:5      | Found a staircase to the Ecumenical Temple.
  5070 | Temple   | Entered the Ecumenical Temple
  5415 | Temple   | Became a worshipper of Uskayaw the Reveller
  5493 | D:5      | Reached * piety under Uskayaw
  5614 | D:5      | Found a shimmering blue altar of Sif Muna.
  5698 | D:5      | Reached ** piety under Uskayaw
  5743 | D:4      | Noticed Grinder
  5743 | D:4      | Paralysed by Grinder for 4 turns
  5762 | D:4      | Reached *** piety under Uskayaw
  5765 | D:4      | Killed Grinder
  5766 | D:4      | Reached XP level 8. HP: 39/44 MP: 9/12
  5822 | D:4      | Noticed Eustachio
  5840 | D:4      | Killed Eustachio
  6452 | D:4      | Found a stormy altar of Qazlal.
  6941 | D:6      | Noticed Blork the orc
  6951 | D:6      | Killed Blork the orc
  6952 | D:6      | Reached skill level 10 in Dodging
  7200 | D:7      | Noticed a hornet
  7213 | D:6      | HP: 1/42 [wight/+3 dire flail (2)]
  7485 | D:6      | Reached skill level 7 in Long Blades
  7485 | D:6      | Reached XP level 9. HP: 14/48 MP: 13/13
  7658 | D:6      | Found a broken altar of Ashenzari.
  7658 | D:6      | Found an opulent altar of Gozag.
  7802 | D:6      | Noticed a deep elf pyromancer
  7831 | D:6      | Learned a level 4 spell: Manifold Assault
  8076 | D:6      | Reached skill level 8 in Long Blades
  8380 | D:6      | Killed a deep elf pyromancer
  8381 | D:6      | Reached skill level 9 in Long Blades
  8549 | D:4      | Killed Menkaure
  8550 | D:4      | Reached skill level 10 in Long Blades
  8969 | D:7      | Reached **** piety under Uskayaw
  9084 | D:7      | Reached ***** piety under Uskayaw
  9145 | D:7      | Noticed a hornet
  9166 | D:7      | Reached skill level 11 in Long Blades
  9194 | D:8      | Found a hazy altar of Hepliaklqana.
  9195 | D:8      | Found a shadowy altar of Dithmenos.
  9202 | D:8      | Reached XP level 10. HP: 23/53 MP: 14/14
  9500 | D:8      | Reached skill level 12 in Long Blades
 10090 | D:8      | Identified the +0 robe "Haepitt" {-Tele Drain rPois
                  | Will+++}
 10536 | D:9      | Identified the +10 dagger of Pyohac {pain, Str-5 Int+4
                  | Dex+2 SInv}
 10855 | D:9      | Found a flagged portal.
 10986 | Bailey   | Entered a bailey
 10994 | Bailey   | Reached skill level 13 in Long Blades
 11013 | Bailey   | Reached ****** piety under Uskayaw
 11089 | Bailey   | Reached skill level 14 in Long Blades
 11248 | Bailey   | Noticed a vault guard
 11273 | Bailey   | Killed a vault guard
 11274 | Bailey   | Reached XP level 11. HP: 57/57 MP: 15/15
 11303 | Bailey   | Noticed Prince Ribbit
 11303 | Bailey   | Noticed a vault guard
 11332 | Bailey   | Killed Prince Ribbit
 11352 | Bailey   | Killed a vault guard
 11353 | Bailey   | Reached skill level 15 in Long Blades
 11779 | D:9      | Got Baenank's Grimoire of Polar Hexing
 11820 | D:9      | Noticed a cyclops
 11836 | D:10     | Entered Level 10 of the Dungeon
 12072 | D:10     | Reached skill level 5 in Fighting
 12147 | D:10     | Reached skill level 1 in Air Magic
 12300 | D:10     | Noticed an orc knight
 12881 | D:7      | Paralysed by a hornet for 1 turns
 12892 | D:8      | Paralysed by a hornet for 3 turns
 12895 | D:8      | HP: 2/63 [hornet (14)]
 12895 | D:8      | Slain by a hornet

Illustrated notes

Levels and vault maps discovered:
D:1:      lightli_arrival_boilingwater, layout_loops_ring,
          dreamdust_mushroom_princess
D:2:      layout_basic, serial_shops, shop, hangedman_decor_opposing
D:3:      layout_basic, okawaru_trees_2, dreamdust_ecumenical_altar_grove,
          minmay_surrounded
D:4:      layout_gridville, grunt_qazlal_clouds, amcnicky_mini_corridor_feature,
          minmay_misc_feat_four_crosses, uniq_grinder, uniq_menkaure,
          uniq_eustachio
D:5:      layout_basic, general_overflow_altar, kennysheep_orc_sif_temple,
          minmay_temple_entry_butterflies, grunt_ministairs_7,
          chequers_serial_rivers_micro_c, st_stairs_6
D:6:      cheibrodos_steamvent, layout_loops_corners,
          gammafunk_temple_overflow_elements, guppyfry_early_elven_hall,
          uniq_blork_the_orc
D:7:      layout_gridville, serial_shops, kennysheep_mini_moat
D:8:      layout_basic, riverfiend_overflow_shadow_ancestor
D:9:      layout_stronghold, enter_bailey_2
D:10:     layout_cave_pools, hellmonk_lair_entry_icy, orc_david_3,
          minmay_misc_feat_hallway, grunt_ministairs_6, kennysheep_pointless_box
Temple:   eino_temple_water

Skill      XL: |  1  2  3  4  5  6  7  8  9 10 11 |
---------------+----------------------------------+-----
Long Blades    | 3 4 5 6 7 11 14 15 | 15.3
Dodging        | 3 6 8 10 | 10.3
Fighting       | 5 |  5.0
Air Magic      | 3 |  3.1
Throwing       | |  1.0
Armour         | |  1.1
Spellcasting   | |  2.0
Translocations | |  2.4

Action                   |  1- 3 |  4- 6 |  7- 9 | 10-12 || total
-------------------------+-------+-------+-------+-------++-------
Melee: Falchion          |    97 |   153 |   109 |       ||   359
       Kick              |    20 |    43 |    87 |   112 ||   262
       Peck              |    13 |    25 |    61 |    68 ||   167
       Punch             |     1 |     1 |     4 |     4 ||    10
       Long sword        |       |       |   179 |   332 ||   511
Throw: Boomerang         |     1 |    64 |    15 |    17 ||    97
       Throwing net      |       |       |       |     1 ||     1
 Cast: Vhi's Electric Ch |       |     3 |     3 |     4 ||    10
       Blink             |       |       |     2 |     7 ||     9
Invok: Stomp             |       |       |     3 |     1 ||     4
Evoke: Wand              |       |       |     8 |     7 ||    15
       Lightning rod     |       |       |       |     4 ||     4
  Use: Scroll            |       |       |     3 |     7 ||    10
       Potion            |       |       |       |     4 ||     4
 Stab: Sleeping          |       |     1 |       |       ||     1
       Paralysed         |       |       |    10 |    22 ||    32
Armor: Leather armour    |    22 |    31 |    50 |    51 ||   154
Dodge: Dodged            |    57 |    81 |   311 |   302 ||   751

Table legend: (Time is in decaauts)
 A = Elapsed time spent in this place.
 B = Non-inter-level travel time spent in this place.
 C = Inter-level travel time spent in this place.
 D = Time resting spent in this place.
 E = Time spent auto-exploring this place.
 F = Levels seen in this place.
 G = Mean time per level.
                   A        B        C        D        E       F      G
               +--------+--------+--------+--------+--------+-----+--------+
         Total |  12311 |  11423 |    888 |   1266 |   7447 |  12 | 1025.9 |
       Dungeon |  11289 |  10492 |    797 |   1260 |   6910 |  10 | 1128.9 |
        Temple |    321 |    231 |     90 |      0 |    182 |   1 |  321.0 |
        Bailey |    700 |    700 |      0 |      6 |    354 |   1 |  700.0 |
               +--------+--------+--------+--------+--------+-----+--------+

Top non-repeatable levels by time:
     D:5: 2177 daAuts
     D:6: 2003 daAuts
     D:8: 1390 daAuts
     D:3: 1232 daAuts
     D:4: 1051 daAuts
     D:2: 1024 daAuts
     D:9: 880 daAuts
     D:1: 737 daAuts
  Bailey: 700 daAuts
    D:10: 465 daAuts
     D:7: 327 daAuts
  Temple: 321 daAuts
